VANCOUVER vs WASHINGTON

Created - Saturday, January 06, 2018 at 08:41

Goals
1 2 3 T
VANCOUVER 0 0 0 0
WASHINGTON 2 0 1 3
Shots
1 2 3 T
VANCOUVER 7 7 6 20
WASHINGTON 7 5 12 24

1st period

1. WASHINGTON , Rene Bourque 2 (Zach Werenski 11, Jonathan Quick) at 4:32
2. WASHINGTON , Ryan Getzlaf 7 (Viktor Arvidsson 14, Victor Hedman 19) at 9:18

Penalties :
Joakim Nordstrom (WSH) for Interference (Minor) at 4:36

2nd period

No Goal

Penalties :
Tyler Seguin (VAN) for Cross-checking (Minor) at 9:33, Rene Bourque (WSH) for Tripping (Minor) at 12:37

3rd period

3. WASHINGTON , Ryan Johansen 11 (Viktor Arvidsson 15, Ryan Getzlaf 12) at 12:43

Penalties :
Zbynek Michalek (VAN) for Hooking (Minor) at 7:19, Ryan Johansen (WSH) for Hooking (Minor) at 9:04, Casey Cizikas (WSH) for Fighting (Major) at 11:52, Zbynek Michalek (VAN) for Fighting (Major) at 11:52, Dennis Wideman (VAN) for Boarding (Minor) at 16:47

Goalie Stats

Martin Jones (VAN), 21 saves from 24 shots - (0.875), L, 18-14-1, 60:00 minutes
Jonathan Quick (WSH), 20 saves from 20 shots - (1.000), W, 14-14-3, 60:00 minutes

Players Stats for VANCOUVER

Player Name              G  A  P  +/- PIM S  H  SB GA TA FO     MP     PP MP  PK MP  
------------------------------------------------------------------------------------
Chris Kunitz             0  0  0   0  0   1  0  0  0  0  0/0    12:24   0:00   1:33 
Daniel Sedin             0  0  0  -1  0   1  0  0  0  0  0/1    19:19   2:39   0:00 
Dennis Wideman           0  0  0   0  2   0  0  3  0  0  0/0    12:46   0:00   0:00 
Hampus Lindholm          0  0  0  -1  0   1  1  0  0  0  0/0    21:34   1:59   3:09 
Jean-Gabriel Pageau      0  0  0   0  0   0  0  0  0  0  12/22  15:01   0:00   4:10 
Jonathan Huberdeau       0  0  0  -2  0   0  0  0  0  0  1/1    19:06   2:39   0:00 
Justin Abdelkader        0  0  0   0  0   1  0  0  0  0  1/1    15:34   0:33   4:10 
Lukas Sedlak             0  0  0   0  0   1  1  0  0  0  0/0     4:52   0:00   0:30 
Mark Arcobello           0  0  0   0  0   0  0  0  0  0  2/6     4:22   0:00   0:00 
Mark Stone               0  0  0  -2  0   2  0  0  0  0  0/0    18:58   2:31   0:00 
Matt Irwin               0  0  0  -1  0   0  0  0  0  0  0/0     4:23   0:00   0:00 
Michael Stone            0  0  0   0  0   0  1  0  0  0  0/0    12:47   0:00   0:00 
Nazem Kadri              0  0  0  -2  0   2  3  0  0  0  9/23   20:09   2:39   1:03 
Nick Schmaltz            0  0  0   0  0   0  0  1  0  0  0/0     4:22   0:00   0:00 
Patrick Kane             0  0  0  -1  0   5  2  0  0  0  1/1    19:58   3:04   0:00 
Ryan Ellis               0  0  0  -2  0   0  1  0  0  0  0/0    22:07   3:44   2:34 
T.J. Brodie              0  0  0  -2  0   2  0  2  0  0  0/0    22:07   3:44   2:34 
Travis Hamonic           0  0  0   0  0   0  3  2  0  0  0/0    20:43   1:59   3:09 
Tyler Seguin             0  0  0  -1  2   3  3  0  0  0  8/18   19:57   3:04   0:00 
Zbynek Michalek          0  0  0   0  7   1  0  0  0  0  0/0     3:30   0:00   0:00 

Players Stats for WASHINGTON

Player Name              G  A  P  +/- PIM S  H  SB GA TA FO     MP     PP MP  PK MP  
------------------------------------------------------------------------------------
Antoine Vermette         0  0  0   1  0   0  0  0  0  0  9/14   19:22   2:54   1:51 
Cal Clutterbuck          0  0  0   0  0   0  1  0  0  0  0/0    12:01   0:00   0:00 
Casey Cizikas            0  0  0   0  5   1  1  0  0  0  4/13   13:51   1:58   1:03 
Colin Wilson             0  0  0   0  0   1  0  0  0  0  0/1    12:01   0:00   0:00 
Conor Sheary             0  0  0   1  0   2  0  0  0  0  0/2    18:19   2:54   0:48 
Damon Severson           0  0  0   1  0   3  1  2  0  0  0/0    20:24   2:31   3:01 
Jim Slater               0  0  0   0  0   0  0  0  0  0  0/0     0:08   0:00   0:08 
Joakim Nordstrom         0  0  0   0  2   2  0  0  0  0  0/2     5:30   0:00   0:00 
Nathan Gerbe             0  0  0   0  0   1  0  0  0  0  0/0     4:07   0:00   0:00 
Rene Bourque             1  0  1   1  2   2  3  0  0  0  0/1    15:32   0:56   0:00 
Roman Polak              0  0  0   1  0   0  5  0  0  0  0/0    16:53   2:16   0:13 
Ryan Getzlaf             1  1  2   2  0   3  1  0  0  0  0/1    24:30   2:49   3:52 
Ryan Johansen            1  0  1   2  2   4  1  0  0  0  20/31  23:18   2:48   2:55 
Tom Gilbert              0  0  0   0  0   0  0  0  0  0  0/0     0:56   0:56   0:00 
Trevor Daley             0  0  0   0  0   0  0  0  0  0  0/0    16:24   0:00   0:00 
Victor Hedman            0  1  1   1  0   2  0  2  0  0  0/0    25:12   3:12   2:42 
Viktor Arvidsson         0  2  2   2  0   0  1  0  0  0  0/1    21:13   2:49   0:49 
Xavier Ouellet           0  0  0   1  0   1  1  0  0  0  0/0    16:04   0:00   2:29 
Zach Werenski            0  1  1   2  0   1  0  1  0  0  0/0    24:07   2:31   3:01 
Zemgus Girgensons        0  0  0   0  0   1  1  0  0  0  6/7     4:07   0:00   0:00 

3 Stars

1 - Jonathan Quick (WSH)
2 - Ryan Getzlaf (WSH)
3 - Viktor Arvidsson (WSH)

Power Play

VANCOUVER - 0 on 3 Attempt(s) - 0.00%
WASHINGTON - 0 on 3 Attempt(s) - 0.00%

Penalty Kill

VANCOUVER - 3 on 3 Attempt(s) - 100.00% - Score 0 goal in Penalty Kill
WASHINGTON - 3 on 3 Attempt(s) - 100.00% - Score 0 goal in Penalty Kill

Team Stat

VANCOUVER - Hits : 15 - Faceoff Wins : 34 - Blocked Shots : 8 - Penalty Minutes : 11
WASHINGTON - Hits : 16 - Faceoff Wins : 39 - Blocked Shots : 5 - Penalty Minutes : 11

Official

Referees : Unknown
Linesman : Unknown

Game Notes

Zbynek Michalek beats up Casey Cizikas at 11:52 of 3rd period

Finance

Level 1 -- Attendance: 5459 (90.98%) -- Ticket Income $453,097
Level 2 -- Attendance: 4872 (97.44%) -- Ticket Income $248,472
Level 3 -- Attendance: 2000 (100.00%) -- Ticket Income $52,000
Level 4 -- Attendance: 3761 (94.03%) -- Ticket Income $60,176
Luxury Box -- Attendance: 994 (99.40%) -- Ticket Income $168,980
Game was played at the Verizon Center.
Total Attendance: 17086 (94.92%)
Total Ticket Income: $982,725
Total Income: $982,725

VANCOUVER

5 vs 5 Forward 
   Center                   Left Wing                Right Wing               Time % Phy DF OF 
 1 Tyler Seguin             Patrick Kane             Daniel Sedin             39     1   2  2  
 2 Nazem Kadri              Jonathan Huberdeau       Mark Stone               39     1   2  2  
 3 Jean-Gabriel Pageau      Chris Kunitz             Justin Abdelkader        22     1   2  2  
 4 Mark Arcobello           Nick Schmaltz            Lukas Sedlak             0      1   3  1  

5 vs 5 Defense 
   Defense                  Defense                                           Time % Phy DF OF 
 1 Ryan Ellis               T.J. Brodie                                       39     1   2  2  
 2 Hampus Lindholm          Travis Hamonic                                    39     1   2  2  
 3 Michael Stone            Dennis Wideman                                    22     1   2  2  
 4 Matt Irwin               Zbynek Michalek                                   0      1   4  0  

PowerPlay Forward 
   Center                   Left Wing                Right Wing               Time % Phy DF OF 
 1 Tyler Seguin             Patrick Kane             Mark Stone               60     1   1  3  
 2 Nazem Kadri              Jonathan Huberdeau       Daniel Sedin             40     1   2  2  

PowerPlay Defense
   Defense                  Defense                                           Time % Phy DF OF 
 1 T.J. Brodie              Ryan Ellis                                        60     1   1  3  
 2 Hampus Lindholm          Travis Hamonic                                    40     1   2  2  

Penalty Kill 4 Players Forward 
   Center                   Wing                     Time % Phy DF OF 
 1 Jean-Gabriel Pageau      Justin Abdelkader        60     1   3  1  
 2 Nazem Kadri              Chris Kunitz             40     1   3  1  

Penalty Kill 4 Players Defense
   Defense                  Defense                  Time % Phy DF OF 
 1 Ryan Ellis               T.J. Brodie              50     1   3  1  
 2 Hampus Lindholm          Travis Hamonic           50     1   3  1  

Penalty Kill - 3 Players Forward 
   Forward                                           Time % Phy DF OF 
 1 Jean-Gabriel Pageau                               60     1   3  1  
 2 Nazem Kadri                                       40     1   3  1  

Penalty Kill - 3 Players Defense
   Defense                  Defense                  Time % Phy DF OF 
 1 Ryan Ellis               T.J. Brodie              60     1   4  0  
 2 Hampus Lindholm          Travis Hamonic           40     1   4  0  

4 vs 4 Forward 
   Center                   Wing                     Time % Phy DF OF 
 1 Tyler Seguin             Patrick Kane             60     1   2  2  
 2 Nazem Kadri              Jonathan Huberdeau       40     1   2  2  

4 vs 4 Defense
   Defense                  Defense                  Time % Phy DF OF 
 1 Ryan Ellis               Hampus Lindholm          60     1   2  2  
 2 T.J. Brodie              Travis Hamonic           40     1   2  2  

Last Minutes Offensive
   Center                   Left Wing                Right Wing               Defense                  Defense                  
   Jean-Gabriel Pageau      Patrick Kane             Tyler Seguin             Jonathan Huberdeau       Nazem Kadri              

Last Minutes Defensive
   Center                   Left Wing                Right Wing               Defense                  Defense                  
   Jean-Gabriel Pageau      Nazem Kadri              Justin Abdelkader        Ryan Ellis               Hampus Lindholm          

Goaltenders
Starting : Martin Jones             
Backup : Casey DeSmith            

Extra Forwards
Normal : Nazem Kadri, Tyler Seguin, Patrick Kane - PP : Nazem Kadri, Patrick Kane - PK : Tyler Seguin
Extra Defensemen
Normal : Hampus Lindholm, Ryan Ellis, T.J. Brodie - PP : Michael Stone - PK : Hampus Lindholm, Ryan Ellis
Penalty Shots
Tyler Seguin, Patrick Kane, Jonathan Huberdeau, Nazem Kadri, Mark Stone

Scratches
None

WASHINGTON

5 vs 5 Forward 
   Center                   Left Wing                Right Wing               Time % Phy DF OF 
 1 Ryan Johansen            Ryan Getzlaf             Viktor Arvidsson         40     1   2  2  
 2 Antoine Vermette         Rene Bourque             Conor Sheary             35     1   1  3  
 3 Casey Cizikas            Colin Wilson             Cal Clutterbuck          20     2   2  1  
 4 Zemgus Girgensons        Nathan Gerbe             Joakim Nordstrom         5      1   3  1  

5 vs 5 Defense 
   Defense                  Defense                                           Time % Phy DF OF 
 1 Victor Hedman            Trevor Daley                                      35     1   2  2  
 2 Zach Werenski            Damon Severson                                    30     1   2  2  
 3 Roman Polak              Xavier Ouellet                                    25     1   2  2  
 4 Victor Hedman            Zach Werenski                                     10     1   2  2  

PowerPlay Forward 
   Center                   Left Wing                Right Wing               Time % Phy DF OF 
 1 Ryan Johansen            Ryan Getzlaf             Viktor Arvidsson         60     1   1  3  
 2 Antoine Vermette         Casey Cizikas            Conor Sheary             40     1   1  3  

PowerPlay Defense
   Defense                  Defense                                           Time % Phy DF OF 
 1 Victor Hedman            Roman Polak                                       60     1   1  3  
 2 Zach Werenski            Damon Severson                                    40     1   1  3  

Penalty Kill 4 Players Forward 
   Center                   Wing                     Time % Phy DF OF 
 1 Ryan Johansen            Ryan Getzlaf             60     1   3  1  
 2 Antoine Vermette         Casey Cizikas            40     1   3  1  

Penalty Kill 4 Players Defense
   Defense                  Defense                  Time % Phy DF OF 
 1 Victor Hedman            Xavier Ouellet           60     1   3  1  
 2 Zach Werenski            Damon Severson           40     1   3  1  

Penalty Kill - 3 Players Forward 
   Forward                                           Time % Phy DF OF 
 1 Ryan Johansen                                     60     1   4  0  
 2 Ryan Getzlaf                                      40     1   4  0  

Penalty Kill - 3 Players Defense
   Defense                  Defense                  Time % Phy DF OF 
 1 Victor Hedman            Roman Polak              60     1   4  0  
 2 Zach Werenski            Damon Severson           40     1   4  0  

4 vs 4 Forward 
   Center                   Wing                     Time % Phy DF OF 
 1 Ryan Johansen            Ryan Getzlaf             60     1   2  2  
 2 Antoine Vermette         Viktor Arvidsson         40     1   2  2  

4 vs 4 Defense
   Defense                  Defense                  Time % Phy DF OF 
 1 Victor Hedman            Trevor Daley             60     1   2  2  
 2 Zach Werenski            Damon Severson           40     1   2  2  

Last Minutes Offensive
   Center                   Left Wing                Right Wing               Defense                  Defense                  
   Ryan Johansen            Ryan Getzlaf             Viktor Arvidsson         Victor Hedman            Zach Werenski            

Last Minutes Defensive
   Center                   Left Wing                Right Wing               Defense                  Defense                  
   Ryan Johansen            Ryan Getzlaf             Casey Cizikas            Victor Hedman            Trevor Daley             

Goaltenders
Starting : Jonathan Quick           
Backup : Mike Condon              

Extra Forwards
Normal : Colin Wilson, Conor Sheary, Joakim Nordstrom - PP : Conor Sheary, Casey Cizikas - PK : Viktor Arvidsson
Extra Defensemen
Normal : Roman Polak, Xavier Ouellet, Zach Werenski - PP : Roman Polak - PK : Xavier Ouellet, Zach Werenski
Penalty Shots
Viktor Arvidsson, Ryan Getzlaf, Antoine Vermette, Ryan Johansen, Conor Sheary

Scratches
WSH CAP HIT (Suspend), Brayden Schenn (Healthy)

% Time on Ice - VANCOUVER

Lines # - Real PCT - Wanted PCT - Time Play
Normal Forward
1 - 34% - 39% - 16:40
2 - 34% - 39% - 16:27
3 - 22% - 22% - 10:51
4 - 9% - 0% - 4:22
Normal Defense
1 - 32% - 39% - 15:35
2 - 32% - 39% - 15:35
3 - 26% - 22% - 12:47
4 - 9% - 0% - 4:23
PP Forward
1 - 54% - 60% - 3:04
2 - 46% - 40% - 2:39
PP Defense
1 - 65% - 60% - 3:44
2 - 35% - 40% - 1:59
PK Forward
1 - 82% - 60% - 4:40
2 - 18% - 40% - 1:03
PK Defense
1 - 45% - 50% - 2:34
2 - 55% - 50% - 3:09
PK3 Forward
1 - 0% - 60%
2 - 0% - 40%
PK3 Defense
1 - 0% - 60%
2 - 0% - 40%
44 Forward
1 - 100% - 60% - 0:14
2 - 0% - 40% - 0:00
44 Defense
1 - 100% - 60% - 0:14
2 - 0% - 40% - 0:00
Last Minute Offensive  - 0:00
Last Minute Defensive  - 0:00
Total
Forward - 60:00
Defense - 60:00

% Time on Ice - WASHINGTON

Lines # - Real PCT - Wanted PCT - Time Play
Normal Forward
1 - 36% - 40% - 17:35
2 - 30% - 35% - 14:37
3 - 25% - 20% - 12:01
4 - 9% - 5% - 4:07
Normal Defense
1 - 34% - 35% - 16:24
2 - 30% - 30% - 14:38
3 - 28% - 25% - 13:35
4 - 8% - 10% - 3:43
PP Forward
1 - 49% - 60% - 2:49
2 - 51% - 40% - 2:54
PP Defense
1 - 56% - 60% - 3:12
2 - 44% - 40% - 2:31
PK Forward
1 - 82% - 60% - 4:40
2 - 18% - 40% - 1:03
PK Defense
1 - 47% - 60% - 2:42
2 - 53% - 40% - 3:01
PK3 Forward
1 - 0% - 60%
2 - 0% - 40%
PK3 Defense
1 - 0% - 60%
2 - 0% - 40%
44 Forward
1 - 100% - 60% - 0:14
2 - 0% - 40% - 0:00
44 Defense
1 - 0% - 60% - 0:00
2 - 100% - 40% - 0:14
Last Minute Offensive  - 0:00
Last Minute Defensive  - 0:00
Total
Forward - 60:00
Defense - 60:00

Play by Play

1st period


0:01 of 1st period - Ryan Johansen wins face-off versus Tyler Seguin in neutral zone.
0:07 of 1st period - Icing by Daniel Sedin.
0:08 of 1st period - Antoine Vermette wins face-off versus Daniel Sedin in VANCOUVER zone.
0:51 of 1st period - Damon Severson is hit by Tyler Seguin and loses puck.
1:30 of 1st period - Shot by Ryan Getzlaf.
1:30 of 1st period - Deflect By Ryan Johansen.
1:30 of 1st period - Shot Misses the Net.
1:45 of 1st period - Travis Hamonic is hit by Ryan Johansen and loses puck.
2:01 of 1st period - Off-side.
2:02 of 1st period - Jean-Gabriel Pageau wins face-off versus Casey Cizikas in neutral zone.
2:10 of 1st period - Off-side.
2:11 of 1st period - Jean-Gabriel Pageau wins face-off versus Colin Wilson in neutral zone.
2:52 of 1st period - Icing by Victor Hedman.
2:53 of 1st period - Nazem Kadri wins face-off versus Casey Cizikas in WASHINGTON zone.
2:56 of 1st period - Shot by Jonathan Huberdeau.
2:56 of 1st period - Shot Misses the Net.
3:45 of 1st period - Shot by Ryan Johansen.
3:45 of 1st period - Shot Misses the Net.
4:32 of 1st period - Shot by Rene Bourque.
4:32 of 1st period - Goal by Rene Bourque - VANCOUVER : 0 - WASHINGTON : 1.
4:33 of 1st period - Zemgus Girgensons wins face-off versus Jean-Gabriel Pageau in neutral zone.
4:36 of 1st period - Minor Penalty to Joakim Nordstrom for Interference.
4:37 of 1st period - Ryan Johansen wins face-off versus Tyler Seguin in WASHINGTON zone.
4:54 of 1st period - Victor Hedman is hit by Patrick Kane and loses puck.
5:05 of 1st period - Shot by Tyler Seguin.
5:05 of 1st period - Shot Blocked by Victor Hedman.
5:07 of 1st period - Shot by Ryan Ellis.
5:07 of 1st period - Shot Misses the Net.
5:09 of 1st period - Shot by Justin Abdelkader.
5:09 of 1st period - Stopped by Jonathan Quick without a rebound.
5:10 of 1st period - Antoine Vermette wins face-off versus Tyler Seguin in WASHINGTON zone.
6:36 of 1st period - Shot by Jonathan Huberdeau.
6:36 of 1st period - Shot Misses the Net.
6:53 of 1st period - Off-side.
6:54 of 1st period - Mark Arcobello wins face-off versus Conor Sheary in neutral zone.
7:09 of 1st period - Shot by Conor Sheary.
7:09 of 1st period - Stopped by Martin Jones with a rebound.
7:11 of 1st period - Shot by Rene Bourque.
7:11 of 1st period - Shot Misses the Net.
7:13 of 1st period - Shot by Rene Bourque.
7:13 of 1st period - Stopped by Martin Jones without a rebound.
7:14 of 1st period - Casey Cizikas wins face-off versus Jean-Gabriel Pageau in VANCOUVER zone.
7:48 of 1st period - Icing by Trevor Daley.
7:49 of 1st period - Tyler Seguin wins face-off versus Casey Cizikas in WASHINGTON zone.
8:01 of 1st period - Icing by Ryan Ellis.
8:02 of 1st period - Patrick Kane wins face-off versus Ryan Getzlaf in VANCOUVER zone.
8:07 of 1st period - Shot by Tyler Seguin.
8:07 of 1st period - Shot Misses the Net.
8:09 of 1st period - Shot by Patrick Kane.
8:09 of 1st period - Deflect By Tyler Seguin.
8:09 of 1st period - Stopped by Jonathan Quick with a rebound.
8:17 of 1st period - Shot by Ryan Ellis.
8:17 of 1st period - Shot Blocked by Zach Werenski.
8:25 of 1st period - Shot by Patrick Kane.
8:25 of 1st period - Stopped by Jonathan Quick without a rebound.
8:26 of 1st period - Antoine Vermette wins face-off versus Nazem Kadri in WASHINGTON zone.
8:32 of 1st period - Off-side.
8:33 of 1st period - Ryan Johansen wins face-off versus Nazem Kadri in neutral zone.
9:18 of 1st period - Shot by Ryan Getzlaf.
9:18 of 1st period - Goal by Ryan Getzlaf - VANCOUVER : 0 - WASHINGTON : 2.
9:19 of 1st period - Tyler Seguin wins face-off versus Rene Bourque in neutral zone.
9:46 of 1st period - Shot by Patrick Kane.
9:46 of 1st period - Stopped by Jonathan Quick without a rebound.
9:47 of 1st period - Zemgus Girgensons wins face-off versus Jean-Gabriel Pageau in WASHINGTON zone.
9:55 of 1st period - Icing by Michael Stone.
9:56 of 1st period - Ryan Johansen wins face-off versus Jean-Gabriel Pageau in VANCOUVER zone.
10:07 of 1st period - Shot by Ryan Getzlaf.
10:07 of 1st period - Stopped by Martin Jones without a rebound.
10:08 of 1st period - Antoine Vermette wins face-off versus Tyler Seguin in VANCOUVER zone.
10:34 of 1st period - Icing by Ryan Ellis.
10:35 of 1st period - Tyler Seguin wins face-off versus Ryan Johansen in VANCOUVER zone.
10:42 of 1st period - Viktor Arvidsson is hit by Tyler Seguin and loses puck.
10:52 of 1st period - Icing by Ryan Getzlaf.
10:53 of 1st period - Ryan Johansen wins face-off versus Nazem Kadri in WASHINGTON zone.
11:15 of 1st period - Off-side.
11:16 of 1st period - Jean-Gabriel Pageau wins face-off versus Antoine Vermette in neutral zone.
11:20 of 1st period - Off-side.
11:21 of 1st period - Antoine Vermette wins face-off versus Tyler Seguin in neutral zone.
11:58 of 1st period - Ryan Ellis is hit by Rene Bourque and loses puck.
12:29 of 1st period - Daniel Sedin is hit by Viktor Arvidsson and loses puck.
12:49 of 1st period - Ryan Johansen is hit by Ryan Ellis and loses puck.
12:52 of 1st period - Shot by Viktor Arvidsson.
12:52 of 1st period - Shot Misses the Net.
12:54 of 1st period - Shot by Damon Severson.
12:54 of 1st period - Stopped by Martin Jones without a rebound.
12:55 of 1st period - Casey Cizikas wins face-off versus Nazem Kadri in VANCOUVER zone.
14:30 of 1st period - Off-side.
14:31 of 1st period - Mark Arcobello wins face-off versus Ryan Johansen in neutral zone.
14:36 of 1st period - Shot by Lukas Sedlak.
14:36 of 1st period - Stopped by Jonathan Quick without a rebound.
14:37 of 1st period - Ryan Johansen wins face-off versus Mark Arcobello in WASHINGTON zone.
15:42 of 1st period - Shot by Zemgus Girgensons.
15:42 of 1st period - Stopped by Martin Jones without a rebound.
15:43 of 1st period - Antoine Vermette wins face-off versus Tyler Seguin in VANCOUVER zone.
15:59 of 1st period - Conor Sheary is hit by Hampus Lindholm.
16:05 of 1st period - Shot by Victor Hedman.
16:05 of 1st period - Shot Misses the Net.
16:56 of 1st period - Shot by Nazem Kadri.
16:56 of 1st period - Shot Misses the Net.
17:02 of 1st period - Shot by Mark Stone.
17:02 of 1st period - Stopped by Jonathan Quick without a rebound.
17:03 of 1st period - Jean-Gabriel Pageau wins face-off versus Ryan Johansen in WASHINGTON zone.
17:59 of 1st period - Jean-Gabriel Pageau is hit by Ryan Getzlaf and loses puck.
19:43 of 1st period - Shot by Patrick Kane.
19:43 of 1st period - Stopped by Jonathan Quick without a rebound.
19:44 of 1st period - Casey Cizikas wins face-off versus Mark Arcobello in WASHINGTON zone.
Goals for this period are 0 for VANCOUVER vs 2 for WASHINGTON.
Shots for this period are 7 for VANCOUVER vs 7 for WASHINGTON.

2nd period


0:01 of 2nd period - Ryan Johansen wins face-off versus Nazem Kadri in neutral zone.
1:15 of 2nd period - Casey Cizikas is hit by Travis Hamonic and loses puck.
1:27 of 2nd period - Casey Cizikas is hit by Travis Hamonic and loses puck.
1:31 of 2nd period - Cal Clutterbuck is hit by Travis Hamonic and loses puck.
2:42 of 2nd period - Shot by Zemgus Girgensons.
2:42 of 2nd period - Deflect By Joakim Nordstrom.
2:42 of 2nd period - Stopped by Martin Jones without a rebound.
2:43 of 2nd period - Nazem Kadri wins face-off versus Ryan Johansen in VANCOUVER zone.
3:36 of 2nd period - Icing by Xavier Ouellet.
3:37 of 2nd period - Jean-Gabriel Pageau wins face-off versus Ryan Johansen in WASHINGTON zone.
3:37 of 2nd period - Jean-Gabriel Pageau is hit by Roman Polak.
4:38 of 2nd period - Matt Irwin is hit by Rene Bourque and loses puck.
4:49 of 2nd period - Shot by Casey Cizikas.
4:49 of 2nd period - Shot Blocked by Nick Schmaltz.
5:04 of 2nd period - Icing by Zbynek Michalek.
5:05 of 2nd period - Zemgus Girgensons wins face-off versus Mark Arcobello in VANCOUVER zone.
5:52 of 2nd period - Roman Polak is hit by Nazem Kadri and loses puck.
6:03 of 2nd period - Shot by Viktor Arvidsson.
6:03 of 2nd period - Shot Misses the Net.
6:05 of 2nd period - Shot by Ryan Getzlaf.
6:05 of 2nd period - Shot Misses the Net.
7:41 of 2nd period - Shot by Justin Abdelkader.
7:41 of 2nd period - Shot Misses the Net.
7:49 of 2nd period - Shot by Justin Abdelkader.
7:49 of 2nd period - Shot Misses the Net.
7:51 of 2nd period - Shot by Chris Kunitz.
7:51 of 2nd period - Shot Blocked by Damon Severson.
7:53 of 2nd period - Shot by Chris Kunitz.
7:53 of 2nd period - Shot Misses the Net.
8:09 of 2nd period - Shot by Lukas Sedlak.
8:09 of 2nd period - Shot Misses the Net.
8:21 of 2nd period - Shot by Zbynek Michalek.
8:21 of 2nd period - Stopped by Jonathan Quick without a rebound.
8:22 of 2nd period - Nazem Kadri wins face-off versus Casey Cizikas in WASHINGTON zone.
9:16 of 2nd period - Icing by T.J. Brodie.
9:17 of 2nd period - Ryan Johansen wins face-off versus Nazem Kadri in VANCOUVER zone.
9:33 of 2nd period - Minor Penalty to Tyler Seguin for Cross-checking.
9:34 of 2nd period - Ryan Johansen wins face-off versus Jean-Gabriel Pageau in VANCOUVER zone.
9:35 of 2nd period - Shot by Victor Hedman.
9:35 of 2nd period - Stopped by Martin Jones with a rebound.
10:33 of 2nd period - Shot by Antoine Vermette.
10:33 of 2nd period - Shot Misses the Net.
10:35 of 2nd period - Shot by Casey Cizikas.
10:35 of 2nd period - Shot Blocked by T.J. Brodie.
10:37 of 2nd period - Shot by Antoine Vermette.
10:37 of 2nd period - Deflect By Conor Sheary.
10:37 of 2nd period - Shot Misses the Net.
10:39 of 2nd period - Shot by Damon Severson.
10:39 of 2nd period - Stopped by Martin Jones without a rebound.
10:40 of 2nd period - Jean-Gabriel Pageau wins face-off versus Ryan Johansen in VANCOUVER zone.
11:23 of 2nd period - Shot by Conor Sheary.
11:23 of 2nd period - Shot Misses the Net.
11:37 of 2nd period - Shot by Patrick Kane.
11:37 of 2nd period - Stopped by Jonathan Quick without a rebound.
11:38 of 2nd period - Zemgus Girgensons wins face-off versus Tyler Seguin in WASHINGTON zone.
11:45 of 2nd period - Tyler Seguin is hit by Zemgus Girgensons and loses puck.
12:10 of 2nd period - Shot by Zemgus Girgensons.
12:10 of 2nd period - Deflect By Nathan Gerbe.
12:10 of 2nd period - Shot Blocked by Dennis Wideman.
12:12 of 2nd period - Shot by Nathan Gerbe.
12:12 of 2nd period - Deflect By Zemgus Girgensons.
12:12 of 2nd period - Shot Misses the Net.
12:37 of 2nd period - Minor Penalty to Rene Bourque for Tripping.
12:38 of 2nd period - Ryan Johansen wins face-off versus Nazem Kadri in WASHINGTON zone.
13:01 of 2nd period - Shot by T.J. Brodie.
13:01 of 2nd period - Stopped by Jonathan Quick without a rebound.
13:02 of 2nd period - Tyler Seguin wins face-off versus Ryan Johansen in WASHINGTON zone.
14:07 of 2nd period - Shot by T.J. Brodie.
14:07 of 2nd period - Stopped by Jonathan Quick without a rebound.
14:08 of 2nd period - Ryan Johansen wins face-off versus Nazem Kadri in WASHINGTON zone.
14:36 of 2nd period - Antoine Vermette is hit by Nazem Kadri and loses puck.
15:16 of 2nd period - Shot by Trevor Daley.
15:16 of 2nd period - Shot Blocked by Dennis Wideman.
15:41 of 2nd period - Shot by Conor Sheary.
15:41 of 2nd period - Stopped by Martin Jones without a rebound.
15:42 of 2nd period - Nazem Kadri wins face-off versus Casey Cizikas in VANCOUVER zone.
15:49 of 2nd period - Shot by Hampus Lindholm.
15:49 of 2nd period - Stopped by Jonathan Quick without a rebound.
15:50 of 2nd period - Nazem Kadri wins face-off versus Ryan Johansen in WASHINGTON zone.
15:51 of 2nd period - Shot by Mark Stone.
15:51 of 2nd period - Deflect By Nazem Kadri.
15:51 of 2nd period - Shot Blocked by Damon Severson.
15:53 of 2nd period - Shot by Nazem Kadri.
15:53 of 2nd period - Stopped by Jonathan Quick without a rebound.
15:54 of 2nd period - Ryan Johansen wins face-off versus Tyler Seguin in WASHINGTON zone.
15:56 of 2nd period - Viktor Arvidsson is hit by Patrick Kane and loses puck.
16:39 of 2nd period - Shot by Ryan Getzlaf.
16:39 of 2nd period - Deflect By Viktor Arvidsson.
16:39 of 2nd period - Shot Misses the Net.
16:41 of 2nd period - Shot by Ryan Johansen.
16:41 of 2nd period - Stopped by Martin Jones without a rebound.
16:42 of 2nd period - Nazem Kadri wins face-off versus Conor Sheary in VANCOUVER zone.
17:34 of 2nd period - Off-side.
17:35 of 2nd period - Justin Abdelkader wins face-off versus Ryan Johansen in neutral zone.
17:52 of 2nd period - Icing by Justin Abdelkader.
17:53 of 2nd period - Jean-Gabriel Pageau wins face-off versus Casey Cizikas in VANCOUVER zone.
17:53 of 2nd period - Jean-Gabriel Pageau is hit by Casey Cizikas.
18:57 of 2nd period - Daniel Sedin is hit by Cal Clutterbuck and loses puck.
19:20 of 2nd period - Shot by Patrick Kane.
19:20 of 2nd period - Stopped by Jonathan Quick with a rebound.
19:22 of 2nd period - Shot by Patrick Kane.
19:22 of 2nd period - Shot Blocked by Victor Hedman.
Goals for this period are 0 for VANCOUVER vs 0 for WASHINGTON.
Shots for this period are 7 for VANCOUVER vs 5 for WASHINGTON.

3rd period


0:01 of 3rd period - Ryan Johansen wins face-off versus Nazem Kadri in neutral zone.
0:14 of 3rd period - Shot by Ryan Johansen.
0:14 of 3rd period - Stopped by Martin Jones without a rebound.
0:15 of 3rd period - Tyler Seguin wins face-off versus Antoine Vermette in VANCOUVER zone.
0:21 of 3rd period - Off-side.
0:22 of 3rd period - Ryan Johansen wins face-off versus Nazem Kadri in neutral zone.
0:51 of 3rd period - Shot by Victor Hedman.
0:51 of 3rd period - Shot Misses the Net.
1:42 of 3rd period - Shot by Tyler Seguin.
1:42 of 3rd period - Stopped by Jonathan Quick without a rebound.
1:43 of 3rd period - Jean-Gabriel Pageau wins face-off versus Casey Cizikas in WASHINGTON zone.
1:43 of 3rd period - Jean-Gabriel Pageau is hit by Roman Polak.
1:56 of 3rd period - Colin Wilson is hit by Michael Stone and loses puck.
1:59 of 3rd period - Shot by Casey Cizikas.
1:59 of 3rd period - Stopped by Martin Jones with a rebound.
2:01 of 3rd period - Shot by Colin Wilson.
2:01 of 3rd period - Shot Blocked by Dennis Wideman.
2:09 of 3rd period - Shot by Colin Wilson.
2:09 of 3rd period - Shot Misses the Net.
2:11 of 3rd period - Shot by Colin Wilson.
2:11 of 3rd period - Stopped by Martin Jones with a rebound.
2:15 of 3rd period - Shot by Casey Cizikas.
2:15 of 3rd period - Shot Misses the Net.
2:17 of 3rd period - Shot by Roman Polak.
2:17 of 3rd period - Shot Misses the Net.
2:19 of 3rd period - Shot by Xavier Ouellet.
2:19 of 3rd period - Stopped by Martin Jones without a rebound.
2:20 of 3rd period - Antoine Vermette wins face-off versus Nazem Kadri in VANCOUVER zone.
3:21 of 3rd period - Icing by Travis Hamonic.
3:22 of 3rd period - Tyler Seguin wins face-off versus Viktor Arvidsson in VANCOUVER zone.
4:38 of 3rd period - Icing by Michael Stone.
4:39 of 3rd period - Jean-Gabriel Pageau wins face-off versus Casey Cizikas in VANCOUVER zone.
4:53 of 3rd period - Icing by Roman Polak.
4:54 of 3rd period - Jonathan Huberdeau wins face-off versus Casey Cizikas in WASHINGTON zone.
5:38 of 3rd period - Jonathan Huberdeau is hit by Roman Polak.
5:57 of 3rd period - Tyler Seguin is hit by Roman Polak and loses puck.
6:14 of 3rd period - Shot by Tyler Seguin.
6:14 of 3rd period - Shot Misses the Net.
6:16 of 3rd period - Shot by Tyler Seguin.
6:16 of 3rd period - Shot Misses the Net.
6:18 of 3rd period - Shot by Travis Hamonic.
6:18 of 3rd period - Shot Misses the Net.
6:20 of 3rd period - Shot by Patrick Kane.
6:20 of 3rd period - Shot Misses the Net.
6:31 of 3rd period - Tyler Seguin is hit by Xavier Ouellet and loses puck.
6:52 of 3rd period - Shot by Chris Kunitz.
6:52 of 3rd period - Deflect By Jean-Gabriel Pageau.
6:52 of 3rd period - Shot Misses the Net.
6:54 of 3rd period - Shot by Chris Kunitz.
6:54 of 3rd period - Stopped by Jonathan Quick without a rebound.
6:55 of 3rd period - Ryan Johansen wins face-off versus Mark Arcobello in WASHINGTON zone.
6:55 of 3rd period - Ryan Johansen is hit by Lukas Sedlak.
7:19 of 3rd period - Minor Penalty to Zbynek Michalek for Hooking.
7:20 of 3rd period - Ryan Johansen wins face-off versus Jean-Gabriel Pageau in VANCOUVER zone.
8:16 of 3rd period - Icing by Antoine Vermette.
8:17 of 3rd period - Jean-Gabriel Pageau wins face-off versus Antoine Vermette in WASHINGTON zone.
8:53 of 3rd period - Shot by Victor Hedman.
8:53 of 3rd period - Stopped by Martin Jones with a rebound.
8:55 of 3rd period - Shot by Victor Hedman.
8:55 of 3rd period - Shot Blocked by Travis Hamonic.
8:57 of 3rd period - Shot by Antoine Vermette.
8:57 of 3rd period - Shot Blocked by Travis Hamonic.
9:04 of 3rd period - Minor Penalty to Ryan Johansen for Hooking.
9:05 of 3rd period - Tyler Seguin wins face-off versus Joakim Nordstrom in WASHINGTON zone.
10:31 of 3rd period - Conor Sheary is hit by Tyler Seguin and loses puck.
11:43 of 3rd period - Nick Schmaltz is hit by Roman Polak and loses puck.
11:51 of 3rd period - Icing by Trevor Daley.
11:52 of 3rd period - Casey Cizikas wins face-off versus Jean-Gabriel Pageau in WASHINGTON zone.
11:52 of 3rd period - Zbynek Michalek beats up Casey Cizikas.
11:52 of 3rd period - Penalty to Casey Cizikas for Fighting.
11:52 of 3rd period - Penalty to Zbynek Michalek for Fighting.
11:53 of 3rd period - Nazem Kadri wins face-off versus Zemgus Girgensons in WASHINGTON zone.
12:08 of 3rd period - Shot by Nazem Kadri.
12:08 of 3rd period - Shot Misses the Net.
12:33 of 3rd period - Icing by Hampus Lindholm.
12:34 of 3rd period - Ryan Johansen wins face-off versus Nazem Kadri in VANCOUVER zone.
12:43 of 3rd period - Shot by Ryan Johansen.
12:43 of 3rd period - Goal by Ryan Johansen - VANCOUVER : 0 - WASHINGTON : 3.
12:44 of 3rd period - Tyler Seguin wins face-off versus Ryan Johansen in neutral zone.
13:15 of 3rd period - Shot by Ryan Johansen.
13:15 of 3rd period - Stopped by Martin Jones without a rebound.
13:16 of 3rd period - Jean-Gabriel Pageau wins face-off versus Antoine Vermette in VANCOUVER zone.
13:16 of 3rd period - Jean-Gabriel Pageau is hit by Rene Bourque.
14:22 of 3rd period - Shot by Jonathan Huberdeau.
14:22 of 3rd period - Shot Misses the Net.
14:24 of 3rd period - Shot by Nazem Kadri.
14:24 of 3rd period - Shot Misses the Net.
14:26 of 3rd period - Shot by Mark Stone.
14:26 of 3rd period - Stopped by Jonathan Quick with a rebound.
14:28 of 3rd period - Shot by Nazem Kadri.
14:28 of 3rd period - Stopped by Jonathan Quick without a rebound.
14:29 of 3rd period - Ryan Johansen wins face-off versus Tyler Seguin in WASHINGTON zone.
14:31 of 3rd period - Icing by Ryan Getzlaf.
14:32 of 3rd period - Ryan Johansen wins face-off versus Tyler Seguin in WASHINGTON zone.
14:51 of 3rd period - Shot by Viktor Arvidsson.
14:51 of 3rd period - Shot Misses the Net.
14:53 of 3rd period - Shot by Viktor Arvidsson.
14:53 of 3rd period - Shot Blocked by T.J. Brodie.
14:55 of 3rd period - Shot by Ryan Getzlaf.
14:55 of 3rd period - Stopped by Martin Jones without a rebound.
14:56 of 3rd period - Nazem Kadri wins face-off versus Joakim Nordstrom in VANCOUVER zone.
15:01 of 3rd period - Cal Clutterbuck is hit by Nazem Kadri and loses puck.
16:25 of 3rd period - Shot by Tyler Seguin.
16:25 of 3rd period - Stopped by Jonathan Quick without a rebound.
16:26 of 3rd period - Antoine Vermette wins face-off versus Jean-Gabriel Pageau in WASHINGTON zone.
16:47 of 3rd period - Minor Penalty to Dennis Wideman for Boarding.
16:48 of 3rd period - Jean-Gabriel Pageau wins face-off versus Ryan Johansen in VANCOUVER zone.
17:05 of 3rd period - Icing by Ryan Getzlaf.
17:06 of 3rd period - Ryan Johansen wins face-off versus Jean-Gabriel Pageau in WASHINGTON zone.
17:29 of 3rd period - Shot by Damon Severson.
17:29 of 3rd period - Stopped by Martin Jones with a rebound.
17:31 of 3rd period - Shot by Zach Werenski.
17:31 of 3rd period - Stopped by Martin Jones without a rebound.
17:32 of 3rd period - Nazem Kadri wins face-off versus Antoine Vermette in VANCOUVER zone.
17:40 of 3rd period - Icing by Antoine Vermette.
17:41 of 3rd period - Antoine Vermette wins face-off versus Jean-Gabriel Pageau in WASHINGTON zone.
18:51 of 3rd period - Shot by Ryan Getzlaf.
18:51 of 3rd period - Shot Misses the Net.
19:09 of 3rd period - Shot by Daniel Sedin.
19:09 of 3rd period - Stopped by Jonathan Quick with a rebound.
19:19 of 3rd period - Patrick Kane is hit by Damon Severson and loses puck.
19:22 of 3rd period - Shot by Daniel Sedin.
19:22 of 3rd period - Shot Misses the Net.
19:46 of 3rd period - Off-side.
19:47 of 3rd period - Zemgus Girgensons wins face-off versus Nazem Kadri in neutral zone.
19:52 of 3rd period - Shot by Joakim Nordstrom.
19:52 of 3rd period - Stopped by Martin Jones with a rebound.
19:54 of 3rd period - Shot by Nathan Gerbe.
19:54 of 3rd period - Stopped by Martin Jones without a rebound.
19:55 of 3rd period - Zemgus Girgensons wins face-off versus Nazem Kadri in VANCOUVER zone.
Goals for this period are 0 for VANCOUVER vs 1 for WASHINGTON.
Shots for this period are 6 for VANCOUVER vs 12 for WASHINGTON.